 Dungeon Sprint DCSS version 0.29-a0-321-gf1c400731a (webtiles) character file.

Game seed: 15729711634244378468

650 mhtbhm the Cleaver (level 7, 0/74 HPs)
             Began as a Minotaur Berserker on Apr 3, 2022.
             Was an Elder of Trog.
             Slain by an ice devil (15 damage)
             ... summoned by a kobold demonologist
             ... in the Dungeon (Sprint III: "The Ten Rune Challenge").
             The game lasted 00:00:48 (555 turns).

mhtbhm the Cleaver (Minotaur Berserker)              Turns: 555, Time: 00:00:50

Health: 0/74       AC:  2    Str: 23    XL:     7   Next: 28%
Magic:  5/5        EV: 13    Int:  4    God:    Trog [****..]
Gold:   23         SH:  0    Dex:  8    Spells: 6/6 levels left

rFire   . . .      SeeInvis .   a - +0 hand axe
rCold   . . .      Faith    .   (no shield)
rNeg    . . .      Spirit   .   b - +0 animal skin
rPois   .          Reflect  .   (helmet restricted)
rElec   .          Harm     .   (no cloak)
rCorr   .          Rampage  .   (no gloves)
Will    .....      NoTele   +   (no boots)
Stlth   ++........              (no amulet)
HPRegen 1.02/turn               (no ring)
MPRegen 0.09/turn               (no ring)

@: no status effects
A: horns 2, retaliatory headbutt, fangs 1, clumsy 1, low MP 1, regeneration 1
a: Renounce Religion, Berserk, Trog's Hand, Brothers in Arms


You were in the Dungeon.
You worshipped Trog.
Trog was greatly pleased with you.
You visited 1 branch You collected 23 gold pieces.

Inventory:

Hand Weapons
 a - a +0 hand axe (weapon)
Armour
 b - a +0 animal skin (worn)
Scrolls
 i - 3 scrolls of identify {unknown}
 k - a scroll of holy word {unknown}
 m - a scroll of immolation {unknown}
 n - a scroll of fog {unknown}
Potions
 c - 2 potions of curing
 d - 2 potions of heal wounds
 e - a potion of haste
 f - 2 potions of magic
 g - a potion of berserk rage
 j - 2 potions of mutation
 l - a potion of flight {unknown}
 o - a potion of attraction {unknown}


   Skills:
 + Level 11.0 Fighting
 + Level 12.7 Axes
 + Level 5.8 Armour
 + Level 6.6 Dodging
 + Level 3.4 Stealth


You had 6 spell levels left.
You didn't know any spells.
Your spell library was empty.

Dungeon Overview and Level Annotations

Branches:
Dungeon (1/1)

Altars:
Dithmenos
Elyvilon
Kikubaaqudgha
Ru
Sif Muna
Vehumet
Yredelemnul
Zin
The Shining One


Innate Abilities, Weirdness & Mutations

You have a pair of horns on your head.
You reflexively headbutt those who attack you in melee.
You have very sharp teeth.
You are clumsy. (Dex -2)
Your magical capacity is low. (-10% MP)
Your natural rate of healing is unusually fast.


Message History

The kobold demonologist looks satisfied for a moment.
The wizard misses you.
You closely miss the wizard.
The wizard is heavily wounded.
The kobold demonologist casts a spell.
The wizard hits you with a +0 dagger.
You barely miss the wizard.
The wizard is moderately wounded.
You closely miss the ice devil. The ice devil barely misses you.
You closely miss the wizard.
The wizard is moderately wounded.
You barely miss the ice devil. The wizard misses you. You furiously retaliate!
You headbutt the wizard.
The kobold demonologist looks encouraged for a moment.
You miss the wizard.
The wizard is heavily wounded.
You hit the ice devil but do no damage. The ice devil barely misses you.
You slash the wizard!
You kill the wizard!
Trog accepts your kill.
Trog appreciates your killing of a magic user.
You hit the ice devil. The ice devil closely misses you.
You hit the ice devil but do no damage.
The ice devil is lightly wounded.
You hit the ice devil but do no damage. The ice devil hits you!
The ice devil freezes you!!
Unknown command.
Unknown command.
Okay, then.
Unknown command.
Okay, then.
Blink to where?
Press: ? - help, Dir - move target
As you read the scroll of blinking, it crumbles to dust.
The ice devil hits you! The ice devil freezes you!
* * * LOW HITPOINT WARNING * * *
The ice devil hits you.
* * * LOW HITPOINT WARNING * * *
The ice devil freezes you!
You die...

..#....≈♣♣♣♣♣.###'#+###'##
..#...≈≈.♣♣.♣.#..........#
..#..≈≈≈≈.♣.♣.'.⌠........#
#'#..≈≈≈≈≈≈.♣.#...######+#
..#.≈≈≈≈≈≈....#.⌠.#
..#.≈≈≈≈≈.....#...#
..#.≈≈≈.......#§###
###...........#44:#
..............#K@_#
▓▓▓▓▓▓▓▓▓▓▓▓▓▓▓▓▓▓▓


You could see 2 ice devils and a kobold demonologist.

Vanquished Creatures
  A deep elf pyromancer (D)
  A necrophage (D)
  A water elemental (D)
  A wizard (D)
  A necromancer (D)
  A human (D)
  A wolf (D)
  2 endoplasms (D)
  2 rats (D)
11 creatures vanquished.

Notes
Turn   | Place    | Note
-------+----------+-------------------------------------------
     0 | D        | mhtbhm the Minotaur Berserker began the quest for the Orb.
     0 | D        | Reached XP level 1. HP: 19/19 MP: 0/0
     9 | D        | Reached skill level 4 in Axes
    15 | D        | Reached ** piety under Trog
    47 | D        | Reached skill level 5 in Fighting
    47 | D        | Reached skill level 5 in Axes
    47 | D        | Reached XP level 2. HP: 9/29 MP: 1/1
   271 | D        | Reached skill level 6 in Axes
   271 | D        | Reached XP level 3. HP: 35/37 MP: 2/2
   286 | D        | Gained mutation: You are clumsy. (Dex -2) [potion of
                  | mutation]
   286 | D        | Gained mutation: Your magical capacity is low. (-10% MP)
                  | [potion of mutation]
   286 | D        | Gained mutation: Your natural rate of healing is unusually
                  | fast. [potion of mutation]
   286 | D        | Gained mutation: You have very sharp teeth. [potion of
                  | mutation]
   306 | D        | Noticed a water elemental
   313 | D        | Killed a water elemental
   313 | D        | Reached *** piety under Trog
   314 | D        | Reached skill level 7 in Axes
   314 | D        | Reached skill level 1 in Stealth
   314 | D        | Reached XP level 4. HP: 47/47 MP: 2/2
   392 | D        | Found a basalt altar of Yredelemnul.
   392 | D        | Found a shadowy altar of Dithmenos.
   392 | D        | Found a sacrificial altar of Ru.
   392 | D        | Noticed a necrophage
   400 | D        | Killed a necrophage
   401 | D        | Reached skill level 8 in Axes
   401 | D        | Reached XP level 5. HP: 45/53 MP: 3/3
   408 | D        | Reached skill level 9 in Axes
   491 | D        | Found a glowing silver altar of Zin.
   491 | D        | Found a glowing golden altar of the Shining One.
   491 | D        | Found a white marble altar of Elyvilon.
   492 | D        | Noticed a deep elf pyromancer
   498 | D        | Noticed a fire elemental
   498 | D        | Noticed a fire elemental
   499 | D        | Killed a deep elf pyromancer
   499 | D        | Reached **** piety under Trog
   500 | D        | Reached skill level 12 in Axes
   500 | D        | Reached skill level 5 in Armour
   500 | D        | Reached XP level 6. HP: 68/68 MP: 4/4
   500 | D        | Reached XP level 7. HP: 74/74 MP: 5/5
   546 | D        | Found a radiant altar of Vehumet.
   546 | D        | Found a shimmering blue altar of Sif Muna.
   546 | D        | Found an ancient bone altar of Kikubaaqudgha.
   548 | D        | Noticed an ice devil
   550 | D        | Noticed an ice devil
   555 | D        | Slain by an ice devil

Illustrated notes

Levels and vault maps discovered:
D:        dungeon_sprint_mu [sprint_mu_entry_forest, sprint_mu_temple_rooms,
          sprint_mu_d1_horrors, sprint_mu_d2_genie, sprint_mu_d3_branching,
          sprint_mu_orc_legion, sprint_mu_elf_gauntlet, sprint_mu_hive_nellie,
          sprint_mu_lair_fedhas, sprint_mu_vaults_butterflies,
          sprint_mu_slime_circle, sprint_mu_swamp_cave, sprint_mu_shoals_kraken,
          sprint_mu_blade_basic, sprint_mu_crypt_lich, sprint_mu_tomb_spiral,
          sprint_mu_vestibule_basic, sprint_mu_gehenna_hellfire,
          sprint_mu_dis_giant, sprint_mu_tartarus_statrot,
          sprint_mu_cocytus_islands, sprint_mu_zot1]

Skill      XL: |  1  2  3  4  5 |
---------------+----------------+-----
Fighting       | 5 7 8 11 | 11.0
Axes           | 5 6 7 8 12 | 12.7
Armour         | 3 4 5 |  5.8
Dodging        | 3 4 6 |  6.6
Stealth        | 1 2 3 |  3.4

Action                   |  1- 3 |  4- 6 |  7- 9 || total
-------------------------+-------+-------+-------++-------
Melee: Hand axe          |    20 |    20 |     7 ||    47
       Headbutt          |     1 |     5 |     1 ||     7
       Bite              |       |     2 |       ||     2
Invok: Berserk           |     1 |     1 |       ||     2
  Use: Potion            |     1 |       |       ||     1
       Scroll            |       |       |     1 ||     1
 Stab: Sleeping          |     2 |       |       ||     2
Armor: Animal skin       |       |     2 |       ||     2
Dodge: Dodged            |    16 |     4 |     6 ||    26

Table legend: (Time is in decaauts)
 A = Elapsed time spent in this place.
 B = Non-inter-level travel time spent in this place.
 C = Inter-level travel time spent in this place.
 D = Time resting spent in this place.
 E = Time spent auto-exploring this place.
 F = Levels seen in this place.
 G = Mean time per level.
                   A        B        C        D        E       F      G
               +--------+--------+--------+--------+--------+-----+--------+
         Total |    576 |    576 |      0 |    403 |      1 |   1 |  576.0 |
       Dungeon |    576 |    576 |      0 |    403 |      1 |   1 |  576.0 |
               +--------+--------+--------+--------+--------+-----+--------+

Top non-repeatable levels by time:
       D: 576 daAuts
